 Dungeon Crawl Stone Soup version 0.28.0-45-g0d030f2227 (webtiles) character file.

Game seed: 11160267108794836522

2160 powzer the Covered (level 9, 0/78 HPs)
             Began as a Minotaur Berserker on Apr 17, 2022.
             Was a Priest of Trog.
             Shot with a sling bullet by Joseph (19 damage)
             ... on level 7 of the Dungeon on Apr 18, 2022.
             The game lasted 01:23:42 (6246 turns).

powzer the Covered (Minotaur Berserker)             Turns: 6246, Time: 01:23:43

Health: 0/78       AC:  9    Str: 23    XL:     9   Next: 10%
Magic:  8/8        EV: 16    Int:  4    God:    Trog [***...]
Gold:   329        SH:  0    Dex: 13    Spells: 8/8 levels left

rFire   + . .      SeeInvis .   y - +1 flail (vorpal)
rCold   x . .      Faith    +   (no shield)
rNeg    . . .      Spirit   .   r - +0 scale mail
rPois   .          Reflect  .   A - +0 hat
rElec   .          Harm     .   (no cloak)
rCorr   .          Rampage  .   (no gloves)
Will    .....                   c - +0 pair of boots
Stlth   ..........              E - amulet of faith
HPRegen 0.23/turn               s - +4 ring of evasion
MPRegen 0.11/turn               i - ring of fire

@: on berserk cooldown, slowed, very slow
A: horns 2, retaliatory headbutt
a: Renounce Religion, Berserk, Trog's Hand


You were on level 7 of the Dungeon.
You worshipped Trog.
Trog was most pleased with you.
You visited 2 branches of the dungeon, and saw 8 of its levels.

You collected 329 gold pieces.

Inventory:

Hand Weapons
 a - a +1 hand axe
 m - a +0 hunting sling
 p - a +1 short sword of flaming
 q - a +0 war axe
 y - a +1 vorpal flail (weapon)
 z - a +0 shortbow
 D - a +0 hand crossbow
Missiles
 b - 5 boomerangs
 e - 227 stones
 g - 4 curare-tipped darts
 h - 46 sling bullets
 j - 39 bolts
 k - 108 arrows
 w - 3 large rocks
Armour
 c - a +0 pair of boots (worn)
 r - a +0 scale mail (worn)
 A - a +0 hat (worn)
Jewellery
 i - a ring of fire (right hand)
 s - a +4 ring of evasion (left hand)
 E - an amulet of faith (around neck)
Wands
 d - a wand of polymorph (11)
 u - a wand of mindburst (29) (quivered)
 v - a wand of flame (36)
 C - a wand of digging (5)
Scrolls
 n - 4 scrolls of identify
 o - a scroll of immolation
 t - 2 scrolls of teleportation
Potions
 f - a potion of lignification
 l - 3 potions of curing
 x - 2 potions of haste {unknown}
 B - a potion of berserk rage {unknown}


   Skills:
 + Level 6.5 Fighting
 + Level 7.5(8.7) Axes
 + Level 6.5(8.2) Maces & Flails
 + Level 0.4 Throwing
 + Level 7.9 Armour
 + Level 4.8 Dodging
 + Level 1.8 Stealth
 + Level 0.3 Evocations


You had 8 spell levels left.
You didn't know any spells.
Your spell library was empty.

Dungeon Overview and Level Annotations

Branches:
Dungeon (7/15)             Temple (1/1) D:4

Altars:
Ashenzari
Dithmenos
Fedhas
Hepliaklqana
Makhleb
Nemelex Xobeh
Okawaru
Ru
Sif Muna
Trog
Uskayaw
Vehumet
Wu Jian
Xom
Yredelemnul
Zin
The Shining One

Shops:
D:1 [   D:6 ?

Annotations:
D:7 Joseph


Innate Abilities, Weirdness & Mutations

You have a pair of horns on your head.
You reflexively headbutt those who attack you in melee.


Message History

You furiously retaliate!
You headbutt the kobold!
You kill the kobold!
Trog accepts your kill.
You bludgeon the kobold!!
You kill the kobold!
Trog accepts your kill.
Your surroundings suddenly seem different.
Joseph and a centaur zombie come into view.
Joseph is wielding a +2 spectral quarterstaff.
Found a dagger and a scroll of identify.
Found a stone staircase leading up.
Joseph shouts!
Joseph unwields a +2 spectral quarterstaff.
Joseph wields a +0 hunting sling.
Joseph shoots a sling bullet.
The sling bullet hits you!
You sock the centaur zombie!
The centaur zombie is heavily damaged.
The centaur zombie hits you but does no damage.
The centaur zombie misses you.
Joseph shoots a sling bullet.
The sling bullet hits you!
You sock the centaur zombie! You headbutt the centaur zombie.
You destroy the centaur zombie!
Trog accepts your kill.
Joseph shoots a sling bullet.
The sling bullet barely misses you.
You feel a strong urge to attack something.
You are no longer berserk.
You are exhausted.
You feel yourself slow down.
Joseph shoots a sling bullet.
The sling bullet misses you.
Joseph shoots a sling bullet.
The sling bullet barely misses you.
Joseph shoots a sling bullet.
The sling bullet hits you!
Joseph shoots a sling bullet.
The sling bullet closely misses you.
Joseph shoots a sling bullet.
The sling bullet hits you!
You see here a +0 dagger.
A gnoll shaman comes into view. It is wielding a +0 club.
Joseph shoots a sling bullet.
The sling bullet hits you!
* * * LOW HITPOINT WARNING * * *
Joseph shoots a sling bullet.
The sling bullet completely misses you.
Joseph shoots a sling bullet.
The sling bullet hits you!!
You die...

..... .....
...######## #
#@.......# #.
#........# # #..
#...?....#.# ..
#).........#
#..##.##........###
#......@....g...#
#...#.###.......# #
# #########


You could see Joseph and a gnoll shaman.

Vanquished Creatures
  Grinder (D:4)
  4 vampire mosquitoes (D:6)
  A water moccasin (D:6)
  An orc warrior (D:6)
  A necrophage (D:6)
  3 centaurs
  A kobold brigand (D:6)
  A bullfrog (D:6)
  2 scorpions
  A water moccasin skeleton (D:6)
  2 jellies
  A centaur zombie (D:7)
  2 hounds
  A gnoll shaman (D:5)
  3 orc priests
  An iguana (D:5)
  Ijyb (D:5)
  A scorpion zombie (D:3)
  A hound skeleton (D:4)
  A hound zombie (D:5)
  6 gnolls
  7 adders
  A shadow imp (D:6)
  An ufetubus (D:5)
  2 worms
  2 dart slugs
  16 orcs
  2 bats (D:2)
  9 endoplasms
  2 giant cockroaches
  4 goblins
  6 hobgoblins
  2 jackals (D:4)
  16 kobolds
  3 quokkas
  8 ball pythons
  4 frilled lizards
  7 rats
  3 bushes (D:3)
131 creatures vanquished.

Vanquished Creatures (others)
  14 plants (D:3)
14 creatures vanquished.

Grand Total: 145 creatures vanquished

Notes
Turn   | Place    | Note
-------+----------+-------------------------------------------
     0 | D:1      | powzer the Minotaur Berserker began the quest for the Orb.
     0 | D:1      | Reached XP level 1. HP: 19/19 MP: 0/0
   146 | D:1      | Found Qaam Ifu's Antique Armour Boutique.
   288 | D:1      | You fall into a shaft and drop 1 floor!
   288 | D:2      | Found a faded altar of an unknown god.
   294 | D:2      | Reached XP level 2. HP: 27/27 MP: 1/1
   328 | D:2      | Reached XP level 3. HP: 30/33 MP: 2/2
   635 | D:2      | Reached ** piety under Trog
   670 | D:2      | Reached XP level 4. HP: 36/41 MP: 3/3
  2169 | D:3      | Reached skill level 5 in Axes
  2169 | D:3      | Reached XP level 5. HP: 28/47 MP: 4/4
  2673 | D:4      | Found a shimmering altar of Xom.
  2701 | D:4      | Reached skill level 1 in Stealth
  2719 | D:4      | Noticed Grinder
  2726 | D:4      | Killed Grinder
  2727 | D:4      | Reached skill level 5 in Fighting
  2727 | D:4      | Reached XP level 6. HP: 56/56 MP: 5/5
  2736 | D:4      | Found a radiant altar of Vehumet.
  2788 | D:4      | Found a staircase to the Ecumenical Temple.
  2797 | D:4      | Found a basalt altar of Yredelemnul.
  2922 | D:4      | Found a glowing golden altar of the Shining One.
  2957 | D:4      | Reached XP level 7. HP: 42/61 MP: 6/6
  3143 | D:4      | Found a sacrificial altar of Ru.
  3509 | D:4      | Found a bloodstained altar of Trog.
  3961 | Temple   | Entered the Ecumenical Temple
  4124 | D:5      | Entered Level 5 of the Dungeon
  4232 | D:5      | Reached *** piety under Trog
  4233 | D:5      | Reached skill level 5 in Armour
  4264 | D:5      | Found a shadowy altar of Dithmenos.
  4466 | D:5      | Noticed Ijyb
  4488 | D:5      | Killed Ijyb
  4727 | D:5      | Reached skill level 1 in Maces & Flails
  5303 | D:6      | Found a burning altar of Makhleb.
  5433 | D:6      | Reached XP level 8. HP: 44/69 MP: 7/7
  5494 | D:6      | Found Ratraul's Magic Scroll Shoppe.
  5589 | D:6      | Reached skill level 5 in Maces & Flails
  6016 | D:6      | Reached XP level 9. HP: 61/78 MP: 8/8
  6234 | D:7      | Noticed Joseph
  6246 | D:7      | Shot with a sling bullet by Joseph

Illustrated notes

Levels and vault maps discovered:
D:1:      ncdulo_watergridlock, layout_loops_ring, serial_shops,
          nicolae_shop_waterfront, minmay_misc_feat_more_columns,
          minmay_box_of_dots
D:2:      layout_basic, nicolae_ecumenical_snake_handling
D:3:      layout_rooms, lexackson_kobold_supper
D:4:      layout_loops_ring, nicolae_tso_carved_into_rock,
          nicolae_ru_sacrificial_ziggurat, mainiacjoe_overflow_small_starburst,
          amcnicky_altar_gilded, nicolae_vehumet_radiance,
          trog_three_pillars_becter, temple_doors_e, uniq_grinder
D:5:      layout_basic, grunt_dithmenos_smoke_and_mirrors,
          kennysheep_minor_cross, uniq_ijyb
D:6:      layout_basic, mainiacjoe_overflow_24_doors, serial_shops,
          shop_fountains, minmay_misc_feat_nine_boxes
D:7:      layout_loops_cross, uniq_joseph
Temple:   compressed_dpeg_triangle_lava_temple

Skill      XL: |  1  2  3  4  5  6  7  8 |
---------------+-------------------------+-----
Fighting       | 4 5 6 |  6.5
Axes           | 4 5 6 7 |  7.5
Armour         | 3 4 6 7 |  7.9
Dodging        | 3 4 |  4.8
Stealth        | 1 |  1.8
Maces & Flails | 2 6 |  6.5
Throwing       | |  0.4
Evocations     | |  0.3

Action                   |  1- 3 |  4- 6 |  7- 9 || total
-------------------------+-------+-------+-------++-------
Melee: Hand axe          |    56 |   264 |    30 ||   350
       Headbutt          |     8 |    83 |    28 ||   119
       Punch             |       |    11 |       ||    11
       Short sword       |       |    37 |       ||    37
       Flail             |       |       |   128 ||   128
Throw: Dart              |       |     3 |       ||     3
Invok: Berserk           |       |     4 |     3 ||     7
Evoke: Wand              |       |       |     4 ||     4
  Use: Scroll            |     4 |     2 |     1 ||     7
       Potion            |       |     2 |     4 ||     6
Armor: Ring mail         |    25 |    25 |       ||    50
       Scale mail        |       |    15 |    42 ||    57
       Skin              |       |       |     9 ||     9
Dodge: Dodged            |    41 |    81 |   151 ||   273
